[Event "Team 45 45 League T33"]
[Site "Internet Chess Club"]
[Date "2007.05.27"]
[Round "6"]
[White "cascarillo"]
[Black "StrayLite"]
[Result "1/2-1/2"]
[WhiteElo "2062"]
[BlackElo "1949"]
[ECO "B35"]
[TimeControl "2700+45"]

1. e4 c5 2. Nf3 g6 3. d4 cxd4 4. Nxd4 Nc6 5. Nc3 Bg7 6. Be3 Nf6 7. Bc4 O-O 8.
Bb3 a5 9. f3 d5 10. Bxd5 Nxd5 11. exd5 Nb4 12. Nde2 e6 13. a3 Nxd5 14. Nxd5 exd5
15. Bd4 Bh6 16. O-O Bf5 17. Ng3 Qd7 18. Nxf5 Qxf5 19. Re1 Rfe8 20. Bc3 {Game
drawn by mutual agreement} 1/2-1/2

[Event "Team 45 45 League T33"]
[Site "Internet Chess Club"]
[Date "2007.05.31"]
[Round "6"]
[White "siddhu"]
[Black "Amauta"]
[Result "1-0"]
[WhiteElo "1847"]
[BlackElo "1952"]
[ECO "C70"]
[TimeControl "2700+45"]

1. e4 e5 2. Nf3 Nc6 3. Bb5 a6 4. Ba4 b5 5. Bb3 Bb7 6. c3 Nf6 7. Ng5 d5 8. Qf3
Na5 9. Bxd5 Bxd5 10. exd5 Qxd5 11. d3 Rd8 12. Qxd5 Rxd5 13. Ke2 Be7 14. Ne4 Nd7
15. b4 Nc6 16. Be3 Nb6 17. Bxb6 cxb6 18. Nbd2 f5 19. Ng3 O-O 20. a4 a5 21. bxa5
bxa5 22. axb5 Rxb5 23. Rhb1 Rc5 24. Nb3 Rxc3 25. Nxa5 Nd4+ 26. Kd2 Rc2+ 27. Ke1
Bh4 28. Nb3 Bxg3 29. hxg3 Rd8 30. Nxd4 exd4 31. Rb5 g6 32. Re5 Kf7 33. Ra7+ Kf6
34. Re2 Rc1+ 35. Kd2 Rdc8 36. Ra2 R8c6 37. Re1 Rxe1 38. Kxe1 Rc3 39. Kd2 Rc6 40.
Ra4 Ke5 41. Ra5+ Ke6 42. Ra7 h5 43. Rg7 Ke5 44. Rd7 Rd6 45. Rxd6 Kxd6 46. Kc2 g5
47. Kb3 Kc5 48. Ka4 g4 49. Ka5 f4 50. Ka4 fxg3 51. fxg3 Kc6 52. Kb4 Kd5 53. Kb5
Kd6 54. Kc4 Ke5 55. Kc5 Ke6 56. Kxd4 Kd6 57. Ke4 Ke6 58. Kf4 Kf6 59. d4 Ke6 60.
Kg5 Kd5 61. Kxh5 Kxd4 62. Kxg4 Ke4 63. Kg5 Ke5 64. g4 Ke6 65. Kh6 Kf7 66. g5
{Black resigns} 1-0

[Event "Team 45 45 League T33"]
[Site "Internet Chess Club"]
[Date "2007.05.22"]
[Round "6"]
[White "michaelus"]
[Black "makito"]
[Result "1-0"]
[WhiteElo "1716"]
[BlackElo "1752"]
[ECO "B86"]
[TimeControl "2700+45"]

1. e4 c5 2. Nf3 d6 3. d4 cxd4 4. Nxd4 Nf6 5. Nc3 a6 6. Bc4 e6 7. Bb3 Be7 8. f4
Nc6 9. Be3 O-O 10. O-O Nxd4 11. Bxd4 b5 12. e5 dxe5 13. fxe5 Nd7 14. Ne4 Bb7 15.
Nd6 Bxd6 16. exd6 Qg5 17. Rf2 Kh8 18. Qd2 Qg6 19. Raf1 f5 20. Bc3 Nc5 21. Qe3
Ne4 22. Re2 Nxc3 23. Qxc3 e5 24. Qc7 Rab8 25. d7 Qc6 26. Qxc6 Bxc6 27. Rd1 e4
28. Rd6 Bb7 29. Red2 Rfd8 30. Kf2 f4 31. R2d4 e3+ 32. Ke2 g5 33. Bd5 Kg7 34. h4
h6 35. h5 Bxd5 36. R4xd5 Rb7 37. Rg6+ Kh7 38. Rdd6 Rbxd7 39. Rxh6+ Kg7 40. Rdg6+
Kf7 41. Rh7+ Kf8 42. Rh8+ Kf7 43. Rh7+ Kf8 44. Rxd7 Rxd7 45. Rxg5 Rd2+ 46. Ke1
Rxc2 47. h6 Rc1+ 48. Ke2 Rh1 49. Rf5+ Kg8 50. Rxf4 Rxh6 51. Kxe3 Re6+ 52. Re4
Rg6 53. g4 Kf7 54. Kf4 Rf6+ 55. Kg5 Rf2 56. Rf4+ Rxf4 57. Kxf4 Kf6 58. g5+ Kg6
59. b4 Kg7 60. Kf5 Kf7 61. g6+ Kg7 62. Kg5 Kg8 63. Kf6 Kf8 64. g7+ Kg8 65. a3
{Black resigns} 1-0

[Event "Team 45 45 League T33"]
[Site "Internet Chess Club"]
[Date "2007.05.25"]
[Round "6"]
[White "OnFire"]
[Black "BrerRabbit"]
[Result "1-0"]
[WhiteElo "1712"]
[BlackElo "1551"]
[ECO "B45"]
[TimeControl "2700+45"]

1. e4 c5 2. Nf3 e6 3. d4 cxd4 4. Nxd4 Nc6 5. Nc3 d6 6. Bb5 Bd7 7. Be3 a6 8. Ba4
Qc7 9. O-O Nf6 10. Nxc6 Bxc6 11. Bxc6+ Qxc6 12. f3 Be7 13. Qd2 O-O 14. Ne2 d5
15. e5 Nd7 16. Bd4 Rac8 17. c3 Qc7 18. Qe3 Qd8 19. Nf4 Bc5 20. Bxc5 Nxc5 21.
Rad1 Qc7 22. Rfe1 b5 23. Rd4 Na4 24. Nh5 Qe7 25. Rg4 Qc5 26. Qxc5 Nxc5 27. Rxg7+
Kh8 28. Rd1 Nd7 29. f4 Nc5 30. Kf2 Ne4+ 31. Ke3 b4 32. cxb4 Rc2 33. a3 Rxb2 34.
Rc1 Rb3+ 35. Kd4 Rxa3 36. Rxf7 Kg8 37. Rxf8+ Kxf8 38. Rc6 Kf7 39. g4 Ra2 40.
Rc7+ Kg6 41. Rg7+ Kh6 42. Re7 Rd2+ 43. Ke3 Kg6 44. Rxe6+ Kf7 45. Rxa6 {Black
resigns} 1-0

[Event "Team 45 45 League T33"]
[Site "Internet Chess Club"]
[Date "2007.05.27"]
[Round "6"]
[White "Zornorph"]
[Black "NoiselessBear"]
[Result "1-0"]
[WhiteElo "1956"]
[BlackElo "1791"]
[ECO "A00"]
[TimeControl "2700+45"]

1. b4 Nf6 2. Nf3 g6 3. Bb2 Bg7 4. c4 d6 5. e3 O-O 6. d4 a5 7. b5 e5 8. dxe5 Ng4
9. c5 Nxe5 10. Nxe5 dxe5 11. Nc3 Be6 12. Qf3 c6 13. e4 f5 14. Ba3 fxe4 15. Qxe4
Rf4 16. Qe3 Bh6 17. Qxe5 Qd2+ 18. Kxd2 Re4+ 19. f4 Rxe5 20. g3 Nd7 21. Kc2 Re3
22. Bd3 Bg4 23. Rhe1 Rae8 24. Rxe3 Rxe3 25. Kd2 Re7 26. Ne4 Bg7 27. Rb1 Bf3 28.
bxc6 bxc6 29. Bc4+ Kh8 30. Ng5 Bg4 31. Rb7 Bf6 32. Ra7 h6 33. Ra8+ Kg7 34. Rg8#
{Black checkmated} 1-0

[Event "Team 45 45 League T33"]
[Site "Internet Chess Club"]
[Date "2007.05.27"]
[Round "6"]
[White "room-matt"]
[Black "kabindra"]
[Result "1-0"]
[WhiteElo "1849"]
[BlackElo "1864"]
[ECO "B12"]
[TimeControl "2700+45"]

1. e4 c6 2. d4 d5 3. c4 dxe4 4. Nc3 Nf6 5. Bg5 Bf5 6. Nge2 Qa5 7. Qb3 b5 8. Ng3
b4 9. Bxf6 bxc3 10. bxc3 exf6 11. Nxf5 Nd7 12. c5 g6 13. Ne3 Be7 14. Bc4 O-O 15.
O-O Rab8 16. Qc2 f5 17. Bb3 Nf6 18. Nc4 Qc7 19. h3 f4 20. Ne5 Kg7 21. f3 Bxc5
22. Nc4 Bb6 23. fxe4 Rfe8 24. e5 Nd5 25. Rae1 Ne3 26. Nxe3 fxe3 27. Rxf7+ Qxf7
28. Bxf7 Kxf7 29. Rxe3 Kg7 30. Qe4 c5 31. Kh2 cxd4 32. cxd4 Rbd8 33. Rd3 Bc7 34.
g3 Re7 35. a4 Rde8 36. Qd5 Rd8 37. Qc5 Rdd7 38. h4 Bb6 39. Qc3 Rc7 40. Qb2 Rcd7
41. Qd2 Bc7 42. Qg5 Bb6 43. h5 Bd8 44. Qf6+ Kg8 45. hxg6 Rg7 46. Qe6+ {Black
resigns} 1-0

[Event "Team 45 45 League T33"]
[Site "Internet Chess Club"]
[Date "2007.05.28"]
[Round "6"]
[White "jaybird"]
[Black "burnsja2003"]
[Result "1-0"]
[WhiteElo "1738"]
[BlackElo "1671"]
[ECO "A34"]
[TimeControl "2700+45"]

1. c4 c5 2. Nc3 e6 3. g3 d6 4. Bg2 a6 5. Nf3 Nf6 6. O-O Be7 7. d4 cxd4 8. Nxd4
O-O 9. e4 Qc7 10. b3 Nc6 11. Nxc6 bxc6 12. Bb2 e5 13. h3 Be6 14. Rc1 Qd7 15. Kh2
Qa7 16. f4 Rad8 17. f5 Bc8 18. Qe2 g6 19. g4 Kh8 20. g5 gxf5 21. gxf6 Bxf6 22.
exf5 Bg5 23. Rcd1 Bf4+ 24. Rxf4 f6 25. Rff1 Qc7 26. Be4 Bb7 27. Qf3 Qb6 28. Qf2
Qc7 29. Rg1 Qf7 30. Qf3 Ba8 31. Bxc6 Bxc6 32. Qxc6 Rg8 33. Rxg8+ Rxg8 34. Rg1
Rxg1 35. Kxg1 Qa7+ 36. c5 Qg7+ 37. Qg2 Qc7 38. cxd6 Qxd6 39. Qd5 Qb6+ 40. Kg2
Qe3 41. Qf3 Qg5+ 42. Kf1 Qd2 43. Qa8+ Kg7 44. Qg2+ Qxg2+ 45. Kxg2 Kh6 46. Ne4
{Black resigns} 1-0

[Event "Team 45 45 League T33"]
[Site "Internet Chess Club"]
[Date "2007.05.29"]
[Round "6"]
[White "RingLord"]
[Black "tammany"]
[Result "0-1"]
[WhiteElo "1554"]
[BlackElo "1674"]
[ECO "B86"]
[TimeControl "2700+45"]

1. e4 c5 2. Nf3 d6 3. d4 cxd4 4. Nxd4 Nf6 5. Nc3 a6 6. Bc4 e6 7. Bb3 Be7 8. g4
h6 9. Be3 Nc6 10. f3 Nxd4 11. Qxd4 e5 12. Qd2 Be6 13. h4 Rc8 14. Rg1 Nd7 15. Nd5
Bxh4+ 16. Ke2 Nc5 17. g5 hxg5 18. Bxg5 Bxg5 19. Qxg5 Qxg5 20. Rxg5 Nxb3 21. cxb3
Bxd5 22. exd5 Rh2+ 23. Kd3 g6 24. Rag1 Rcc2 25. f4 exf4 26. Re1+ Kd7 27. Rg4
Rhd2+ 28. Ke4 Re2+ 29. Rxe2 Rxe2+ 30. Kxf4 Rxb2 31. Kg5 Rd2 32. Kf6 Rf2+ 33. Kg5
Rf5+ 34. Kh6 Rxd5 35. Kg7 Rf5 36. Rb4 b5 37. a4 Kc6 38. axb5+ axb5 39. Re4 d5
40. Re7 d4 41. Re8 Kc5 {White resigns} 0-1

[Event "Team 45 45 League T33"]
[Site "Internet Chess Club"]
[Date "2007.05.27"]
[Round "6"]
[White "Karpyan"]
[Black "DocHoliday"]
[Result "1-0"]
[WhiteElo "1850"]
[BlackElo "1894"]
[ECO "A40"]
[TimeControl "2700+45"]

1. d4 Nc6 2. e4 d5 3. e5 f6 4. f4 Bf5 5. Nf3 Qd7 6. Bb5 O-O-O 7. Nc3 h5 8. Be3
Nh6 9. Qe2 e6 10. a3 Kb8 11. b4 Bg4 12. Na4 Nf5 13. Nc5 Bxc5 14. bxc5 Ka8 15. c3
Bxf3 16. gxf3 Nfe7 17. Rg1 Rdg8 18. Rb1 f5 19. Bf2 h4 20. a4 Qc8 21. Kd2 a6 22.
Bd3 Ka7 23. Rb2 Qd7 24. Rgb1 Na5 25. Qe1 Qxa4 26. Ra1 Nb3+ 27. Rxb3 Qxb3 28. Qf1
Qb2+ 29. Ke3 Qxc3 30. Rc1 Qb3 31. Rb1 Qa4 32. Ra1 Qc6 33. Bb5 {Black resigns}
1-0

[Event "Team 45 45 League T33"]
[Site "Internet Chess Club"]
[Date "2007.05.23"]
[Round "6"]
[White "Aarick"]
[Black "charles-allen"]
[Result "1/2-1/2"]
[WhiteElo "1730"]
[BlackElo "1690"]
[ECO "B01"]
[TimeControl "2700+45"]

1. e4 d5 2. exd5 Nf6 3. d4 Bg4 4. Be2 Bxe2 5. Nxe2 Qxd5 6. O-O Nc6 7. c3 O-O-O
8. Bf4 e5 9. Be3 Ng4 10. Nd2 Bd6 11. Ng3 Nxe3 12. fxe3 exd4 13. Qg4+ Kb8 14.
exd4 g6 15. Qf3 Bxg3 16. Qxg3 Rhe8 17. Nb3 f5 18. Rae1 a5 19. Rxe8 Rxe8 20. Qf3
Qe4 21. Qxe4 Rxe4 22. Kf2 b6 23. Re1 Rxe1 24. Kxe1 Kc8 25. Kf2 Kd7 26. Kg3 Ke6
27. Nd2 Kd5 28. Kf4 h6 29. h4 Nd8 30. Nf3 Ne6+ 31. Ke3 c5 32. dxc5 f4+ 33. Kd2
Nxc5 34. c4+ Ke4 35. a3 Nd3 36. Kc3 Ne5 37. Nxe5 Kxe5 38. Kd3 g5 39. hxg5 hxg5
40. b4 g4 41. c5 bxc5 42. bxc5 Kd5 43. c6 Kxc6 44. Ke4 f3 45. gxf3 gxf3 46. Kxf3
Kb5 47. Ke2 Ka4 48. Kd2 Kxa3 49. Kc2 {Game drawn by mutual agreement} 1/2-1/2

[Event "Team 45 45 League T33"]
[Site "Internet Chess Club"]
[Date "2007.05.27"]
[Round "6"]
[White "BraafPaard"]
[Black "SATELLITE-DAN"]
[Result "0-1"]
[WhiteElo "1562"]
[BlackElo "1640"]
[ECO "C35"]
[TimeControl "2700+45"]

1. e4 e5 2. f4 exf4 3. Nf3 Be7 4. Bc4 d6 5. d4 Bh4+ 6. Kf1 Be6 7. d5 Bg4 8. Bxf4
Be7 9. Nc3 Nf6 10. h3 Bh5 11. Qd3 O-O 12. Re1 Nbd7 13. Kf2 Nc5 14. Qe3 Bg6 15.
Nd2 Nh5 16. Ke2 f5 17. e5 Nxf4+ 18. Qxf4 Bh5+ 19. Kf1 Bg5 20. Qd4 Bh4 21. Rb1
Ne4 22. Ncxe4 fxe4+ 23. Kg1 Bf2+ {White resigns} 0-1

[Event "Team 45 45 League T33"]
[Site "Internet Chess Club"]
[Date "2007.05.24"]
[Round "6"]
[White "Yarosavich"]
[Black "rindetecallaham"]
[Result "0-1"]
[WhiteElo "2325"]
[BlackElo "2320"]
[ECO "B40"]
[TimeControl "2700+45"]

1. e4 c5 2. Nf3 e6 3. d3 Nc6 4. g3 d5 5. Nbd2 g6 6. Bg2 Bg7 7. O-O Nge7 8. Re1
b6 9. h4 h6 10. c3 O-O 11. e5 Nf5 12. Nf1 f6 13. g4 Nfe7 14. exf6 Rxf6 15. g5
hxg5 16. Bxg5 Rf8 17. d4 Qd6 18. Ne3 cxd4 19. cxd4 Bb7 20. Ng4 Nf5 21. Nge5
Nfxd4 22. Nxg6 Nxf3+ 23. Bxf3 Rf7 24. Nf4 Nd4 25. Bg4 Rxf4 26. Bxf4 Qxf4 27.
Bxe6+ Nxe6 28. Rxe6 Rf8 29. Qe2 d4 30. Rg6 d3 31. Qe3 Qxh4 32. f3 Bxf3 33. Qe6+
Kh8 34. Re1 Qh1+ 35. Kf2 Qh2+ 36. Ke3 Qf4+ 37. Kxd3 Qd4+ 38. Kc2 Qxb2+ {White
resigns} 0-1

[Event "Team 45 45 League T33"]
[Site "Internet Chess Club"]
[Date "2007.06.01"]
[Round "6"]
[White "DTK"]
[Black "VentasD"]
[Result "1/2-1/2"]
[WhiteElo "2201"]
[BlackElo "2211"]
[ECO "C00"]
[TimeControl "2700+45"]

1. e4 e6 2. d3 c5 3. Nf3 b6 4. g3 Bb7 5. Bg2 d6 6. O-O Nf6 7. Qe2 Be7 8. Nbd2
Nc6 9. c3 O-O 10. Re1 Rc8 11. h4 Ba6 {Game drawn by mutual agreement} 1/2-1/2

[Event "Team 45 45 League T33"]
[Site "Internet Chess Club"]
[Date "2007.05.26"]
[Round "6"]
[White "Gregorio"]
[Black "WesleyCrusher"]
[Result "0-1"]
[WhiteElo "2128"]
[BlackElo "2088"]
[ECO "B41"]
[TimeControl "2700+45"]

1. e4 c5 2. Nf3 e6 3. d4 cxd4 4. Nxd4 a6 5. Be3 Nc6 6. Bd3 Qc7 7. O-O Nf6 8. c4
Be7 9. Nc3 Ne5 10. Bf4 d6 11. Rc1 Nxd3 12. Qxd3 e5 13. Bg3 exd4 14. Qxd4 O-O 15.
Rfd1 Be6 16. e5 dxe5 17. Bxe5 Qc5 18. Bxf6 gxf6 19. Nd5 Bxd5 20. Qg4+ Kh8 21.
Rxd5 Qc8 22. Qh4 Rg8 23. Re1 Rg4 24. Qh5 Bb4 25. Red1 Qg8 26. g3 Rg5 27. Qf3
Rxd5 28. Rxd5 Re8 29. Rd7 Qg6 30. Qxb7 Re1+ 31. Kg2 Qe4+ 32. Qxe4 Rxe4 33. Rxf7
Be7 34. Kf3 Re6 35. c5 Kg8 36. Rxe7 Rxe7 37. b4 Kf7 38. h4 Re5 39. Kf4 Ke6 40.
a4 Re2 41. c6 Rxf2+ 42. Ke3 Rb2 43. c7 Kd7 {White resigns} 0-1

[Event "Team 45 45 League T33"]
[Site "Internet Chess Club"]
[Date "2007.05.27"]
[Round "6"]
[White "Zebbile"]
[Black "Ozgur-Bjk"]
[Result "1/2-1/2"]
[WhiteElo "2068"]
[BlackElo "2148"]
[ECO "D35"]
[TimeControl "2700+45"]

1. d4 d5 2. c4 e6 3. Nc3 Nf6 4. cxd5 exd5 5. Bf4 Bd6 6. Qd2 c6 7. Nf3 Bxf4 8.
Qxf4 Nbd7 9. e4 dxe4 10. Nxe4 O-O 11. Bd3 Nxe4 12. Bxe4 Nf6 13. O-O Nxe4 14.
Qxe4 Re8 15. Qd3 Be6 16. Rfe1 Qf6 17. Re3 Bd5 18. Rae1 Rxe3 19. Qxe3 h6 20. Ne5
Rd8 21. f3 Qd6 22. b3 Be6 23. Rd1 c5 24. d5 Bxd5 25. Nc4 Qe6 26. Qd3 Rd7 27. Qc3
Bxc4 28. Rxd7 Qxd7 29. bxc4 Kf8 30. Kf2 a6 31. Qa5 Kg8 32. Qxc5 Qd2+ 33. Kg3
Qxa2 34. Qc8+ Kh7 35. c5 Qd5 36. Qc7 Qc6 37. Qxf7 Qxc5 38. Qxb7 a5 39. Qb1+ Kg8
40. Qe4 Kf7 41. Qb7+ Kf6 42. Qa8 Qb4 43. Qc6+ Kf7 44. Qd7+ Kg8 45. Qd8+ Kf7 46.
Qd7+ Kf6 47. Qc6+ Ke5 48. Qe8+ Kf6 49. Qc6+ {Game drawn by repetition} 1/2-1/2

[Event "Team 45 45 League T33"]
[Site "Internet Chess Club"]
[Date "2007.05.26"]
[Round "6"]
[White "Terte"]
[Black "mint-tea"]
[Result "0-1"]
[WhiteElo "1948"]
[BlackElo "1870"]
[ECO "C55"]
[TimeControl "2700+45"]

1. e4 e5 2. Nf3 Nc6 3. Bc4 Nf6 4. O-O Nxe4 5. Nc3 Nxc3 6. dxc3 d6 7. Ng5 Be6 8.
Nxe6 fxe6 9. Bxe6 Qf6 10. Qg4 Be7 11. f4 h5 12. Qh3 Qh4 13. Qd3 Qf6 14. Bd5
O-O-O 15. Bxc6 bxc6 16. Qa6+ Kd7 17. Qxa7 Rdf8 18. Bd2 e4 19. a4 Qf5 20. b4 Qd5
21. Qe3 Bf6 22. a5 Qc4 23. Ra4 Ra8 24. Rfa1 d5 25. a6 Rhe8 26. Qh3+ Ke7 27. Qxh5
d4 28. Qc5+ Qxc5 29. bxc5 e3 30. Be1 dxc3 31. Rc4 Ke6 32. Re4+ Kd5 33. Rxe8 Rxe8
34. a7 Ra8 35. Ra3 Bd4 36. Kf1 Bxc5 37. Ra5 Kc4 38. Bxc3 Kxc3 39. Rxc5+ Kd2 40.
Re5 Rxa7 41. g4 Ra1+ 42. Kg2 e2 43. Rxe2+ Kxe2 44. Kg3 Ke3 45. f5 Rg1+ 46. Kh4
Kf4 47. h3 Rh1 48. Kh5 Rxh3+ 49. Kg6 Kxg4 {White resigns} 0-1

[Event "Team 45 45 League T33"]
[Site "Internet Chess Club"]
[Date "2007.05.26"]
[Round "6"]
[White "Guinness"]
[Black "JustinSane"]
[Result "0-1"]
[WhiteElo "2284"]
[BlackElo "2265"]
[ECO "A02"]
[TimeControl "2700+45"]

1. f4 Nf6 2. Nf3 d5 3. g3 g6 4. Bg2 Bg7 5. d3 c5 6. O-O b6 7. c3 Bb7 8. Qc2 O-O
9. Nbd2 Ng4 10. Nb1 Nd7 11. e4 e5 12. h3 Ngf6 13. fxe5 Ne8 14. Bf4 dxe4 15. dxe4
Qe7 16. Nbd2 Nxe5 17. Nxe5 Bxe5 18. Nc4 Bc7 19. Rae1 Ng7 20. e5 Bxg2 21. Qxg2
Qe6 22. Nd6 Qxa2 23. Bh6 Rad8 24. Ra1 Qe6 25. Rxa7 Bxd6 26. exd6 Qxd6 27. Qf2
Qe6 28. Kh2 Rd5 29. Re1 Re5 30. Rxe5 Qxe5 31. Rb7 Qe6 32. g4 Rd8 33. b4 Ne8 34.
bxc5 bxc5 35. Qxc5 Qe2+ 36. Kg3 Rd3+ {White resigns} 0-1

[Event "Team 45 45 League T33"]
[Site "Internet Chess Club"]
[Date "2007.05.24"]
[Round "6"]
[White "The7thGuest"]
[Black "kingcapture"]
[Result "0-1"]
[WhiteElo "2125"]
[BlackElo "2182"]
[ECO "B09"]
[TimeControl "2700+45"]

1. Nc3 Nf6 2. d4 g6 3. e4 d6 4. f4 Bg7 5. Nf3 O-O 6. e5 Nfd7 7. e6 fxe6 8. Ng5
Nb6 9. Bd3 Bxd4 10. Nxh7 Qe8 11. Nxf8 Kxf8 12. Qg4 Kg7 13. f5 Bxc3+ 14. bxc3
exf5 15. Qg5 Nc6 16. Qh6+ Kf7 17. h4 Ne5 18. h5 Qg8 19. hxg6+ Qxg6 20. Qxg6+
Kxg6 21. Bd2 Bd7 22. O-O-O Nf7 23. g4 e6 24. Rdg1 Kf6 25. g5+ Kg6 26. Be2 Rh8
27. Bh5+ Kg7 28. Bxf7 Rxh1 29. Rxh1 Kxf7 30. a4 Kg7 31. Rh6 Nc4 32. Be1 e5 33.
Rf6 Ne3 34. Rh6 Bxa4 35. Rh4 f4 36. Bf2 Nf5 37. Rg4 a5 38. Ba7 Bc6 39. Bb8 Bf3
40. Rg1 c5 41. Bc7 a4 42. Bd8 Kg6 43. Kd2 a3 44. Ra1 Ne3 45. c4 Nxc4+ 46. Kc3 b5
47. Kb3 Bd5 48. c3 Ne3+ {White resigns} 0-1

[Event "Team 45 45 League T33"]
[Site "Internet Chess Club"]
[Date "2007.05.27"]
[Round "6"]
[White "onslaught"]
[Black "Gil-galad"]
[Result "1/2-1/2"]
[WhiteElo "2174"]
[BlackElo "2063"]
[ECO "E92"]
[TimeControl "2700+45"]

1. d4 Nf6 2. c4 g6 3. Nc3 Bg7 4. e4 d6 5. Nf3 O-O 6. Be2 e5 7. Be3 Na6 8. O-O
Ng4 9. Bg5 Qe8 10. dxe5 dxe5 11. h3 h6 12. Bd2 Nf6 13. Be3 Qe7 14. Nd5 Qd8 15.
Nxf6+ Qxf6 16. c5 Nb8 17. b4 Be6 18. Qc1 g5 19. Bc4 Nc6 20. Bxe6 Qxe6 21. Qb2
Rad8 22. Rac1 f5 23. exf5 Qxf5 24. Rcd1 e4 25. Nd4 Qd5 26. Nxc6 Qxd1 27. Nxd8
Qxf1+ 28. Kxf1 Bxb2 29. Nxb7 a6 30. a4 Bc3 31. b5 axb5 32. axb5 Ra8 33. g4 Ra1+
34. Kg2 Rb1 35. b6 cxb6 36. cxb6 Be5 37. Nc5 Rxb6 38. Nxe4 {Game drawn by mutual
agreement} 1/2-1/2

[Event "Team 45 45 League T33"]
[Site "Internet Chess Club"]
[Date "2007.05.27"]
[Round "6"]
[White "fileman"]
[Black "fledermaus"]
[Result "0-1"]
[WhiteElo "1910"]
[BlackElo "1960"]
[ECO "B12"]
[TimeControl "2700+45"]

1. e4 c6 2. d4 d5 3. e5 Bf5 4. Nc3 h5 5. Bd3 Bxd3 6. Qxd3 e6 7. Nf3 Nh6 8. O-O
Nf5 9. Ne2 Nd7 10. Ng3 g6 11. c4 dxc4 12. Qxc4 Nb6 13. Qc3 Nd5 14. Qb3 Qb6 15.
Qxb6 axb6 16. Nxf5 gxf5 17. Bd2 Be7 18. a3 Kd7 19. Rfd1 b5 20. b4 Ra4 21. Ne1
Rha8 22. Nc2 Nb6 23. Bc1 Bxb4 24. Rb1 Be7 25. Rd3 Nd5 26. g3 Rc4 27. Rb2 b6 28.
Kf1 b4 29. Ke2 bxa3 30. Ra2 Nc3+ {White resigns} 0-1

[Event "Team 45 45 League T33"]
[Site "Internet Chess Club"]
[Date "2007.05.30"]
[Round "6"]
[White "BigNEazy"]
[Black "f5"]
[Result "1-0"]
[WhiteElo "2222"]
[BlackElo "2267"]
[ECO "A80"]
[TimeControl "2700+45"]

1. d4 f5 2. Bg5 g6 3. Nc3 d5 4. h4 Bg7 5. e3 c6 6. Nf3 Be6 7. h5 Nd7 8. hxg6
hxg6 9. Rxh8 Bxh8 10. Nh4 Nf8 11. g4 Bf6 12. Bxf6 Nxf6 13. gxf5 gxf5 14. Qf3 Qd7
15. Bd3 O-O-O 16. Bxf5 Bxf5 17. Qxf5 Qxf5 18. Nxf5 e6 19. Nh4 N8d7 20. Ke2 Rh8
21. Nf3 b5 22. a3 a5 23. Rg1 Kc7 24. Ng5 Re8 25. f4 Kb6 26. Rh1 c5 27. Rh6 cxd4
28. exd4 Kc6 29. Kd3 b4 30. axb4 axb4 31. Nd1 Kb5 32. Ne3 Re7 33. b3 Re8 34. Ke2
Re7 35. Kf3 Re8 36. Ng4 Nxg4 37. Kxg4 Rc8 38. Rxe6 Rxc2 39. Rd6 Rc7 40. f5 Nf8
41. Ne6 Rc3 42. Nxf8 Rxb3 43. f6 Rb1 44. Ne6 Rg1+ 45. Kf5 b3 46. f7 b2 47. Nc7+
Kc4 48. Rb6 b1=Q+ 49. Rxb1 Rxb1 50. Ne6 Rb8 51. Ke5 Ra8 52. f8=Q {Black resigns}
1-0

[Event "Team 45 45 League T33"]
[Site "Internet Chess Club"]
[Date "2007.05.26"]
[Round "6"]
[White "k009ris"]
[Black "RONENOSH9"]
[Result "1-0"]
[WhiteElo "2277"]
[BlackElo "2138"]
[ECO "A52"]
[TimeControl "2700+45"]

1. d4 Nf6 2. c4 e5 3. dxe5 Ng4 4. e4 Nxe5 5. f4 Bb4+ 6. Bd2 Bxd2+ 7. Qxd2 Ng6 8.
Nc3 O-O 9. Nf3 d6 10. Bd3 Bg4 11. O-O Nc6 12. f5 Nge5 13. Nxe5 dxe5 14. f6 Bh5
15. Nd5 Bg6 16. Qg5 gxf6 17. Nxf6+ Kh8 18. Rad1 Qe7 19. h4 Rad8 20. h5 Rd6 21.
Be2 Nd4 22. Bg4 Rg8 23. Rxd4 Rxd4 24. hxg6 fxg6 25. Qh6 Rf8 26. Nd5 Rxf1+ 27.
Kxf1 Qf7+ 28. Bf3 Rxe4 29. Qg5 Rxc4 30. Qxe5+ Kg8 31. Nf6+ Kf8 32. Nd7+ Qxd7 33.
Qh8+ Ke7 34. Qxh7+ Kd6 35. Qxg6+ Qe6 36. Qd3+ Ke7 37. Qh7+ Qf7 38. Qxf7+ Kxf7
39. Bd5+ {Black resigns} 1-0

[Event "Team 45 45 League T33"]
[Site "Internet Chess Club"]
[Date "2007.05.26"]
[Round "6"]
[White "chsrules88"]
[Black "OOOoooOOO"]
[Result "1-0"]
[WhiteElo "2089"]
[BlackElo "2128"]
[ECO "B08"]
[TimeControl "2700+45"]

1. e4 d6 2. d4 Nf6 3. Nc3 g6 4. Nf3 Bg7 5. Be2 O-O 6. O-O c6 7. Be3 b5 8. a3 Qc7
9. Qd2 Ng4 10. Rad1 Nxe3 11. Qxe3 Nd7 12. Rfe1 a6 13. Bd3 c5 14. Nd5 Qd8 15. Qg5
Nf6 16. dxc5 Nxd5 17. exd5 Bf6 18. Qe3 dxc5 19. Qxc5 Bb7 20. c4 bxc4 21. Bxc4
Rc8 22. Qb4 Qc7 23. Rc1 Rfd8 24. Bxa6 Qxc1 25. Bxb7 Qxb2 26. Qxb2 Bxb2 27. Bxc8
Rxc8 28. Rxe7 Kf8 29. Re1 Bxa3 30. g4 h6 31. Ne5 Rd8 32. Nc4 Bb4 33. Rb1 Bd6 34.
Kg2 Bf4 35. Rd1 Ke7 36. h4 Rc8 37. d6+ Bxd6 38. Nxd6 Rd8 39. h5 Rxd6 40. Rxd6
Kxd6 41. g5 Ke7 42. gxh6 Kf6 43. f4 gxh5 44. f5 {Black resigns} 1-0

[Event "Team 45 45 League T33"]
[Site "Internet Chess Club"]
[Date "2007.05.30"]
[Round "6"]
[White "martineden"]
[Black "steve"]
[Result "1/2-1/2"]
[WhiteElo "1969"]
[BlackElo "1980"]
[ECO "E08"]
[TimeControl "2700+45"]

1. d4 Nf6 2. c4 e6 3. g3 d5 4. Nf3 Be7 5. Bg2 O-O 6. O-O c6 7. Qc2 Nbd7 8. b3 b6
9. Nc3 Ba6 10. Nd2 Rc8 11. Bb2 Re8 12. Rfd1 Bf8 13. Rac1 Qc7 14. Qb1 Qb8 15. e3
Red8 16. e4 dxc4 17. Nxc4 c5 18. d5 exd5 19. Nxd5 Bb7 20. Bh3 Re8 21. Nxf6+ Nxf6
22. e5 Ne4 23. Bf5 Ng5 24. f4 Nf3+ 25. Kf2 g6 26. Bd7 Nxh2 27. e6 f5 28. Ne5 Be4
29. Qa1 Re7 {Game drawn by mutual agreement} 1/2-1/2

[Event "Team 45 45 League T33"]
[Site "Internet Chess Club"]
[Date "2007.05.26"]
[Round "6"]
[White "HomerSimpson"]
[Black "SkinnyPuppy"]
[Result "0-1"]
[WhiteElo "2188"]
[BlackElo "2188"]
[ECO "A00"]
[TimeControl "2700+45"]

1. b4 e5 2. Bb2 Bxb4 3. Bxe5 Nf6 4. c3 Ba5 5. e3 O-O 6. Qf3 Nc6 7. Bxf6 Qxf6 8.
Qxf6 gxf6 9. d4 d5 10. Bd3 Re8 11. Ne2 Ne7 12. Ng3 Ng6 13. Nh5 Re6 14. Bf5 Rb6
15. Bc2 Bg4 16. Ng3 Re8 17. h3 Bd7 18. O-O Nh4 19. Bb3 Rd6 20. Rc1 c6 21. c4
dxc4 22. Bxc4 f5 23. Ne2 Bc7 24. g3 Rg6 25. Bd3 Rg7 26. Nd2 f4 27. Nxf4 Bxf4 28.
exf4 Nf5 29. Nf3 f6 30. Rab1 Nxg3 {White resigns} 0-1

[Event "Team 45 45 League T33"]
[Site "Internet Chess Club"]
[Date "2007.05.28"]
[Round "6"]
[White "gracey"]
[Black "Thestorm"]
[Result "0-1"]
[WhiteElo "2125"]
[BlackElo "2131"]
[ECO "B33"]
[TimeControl "2700+45"]

1. e4 c5 2. Nf3 Nc6 3. d4 cxd4 4. Nxd4 Nf6 5. Nc3 e5 6. Ndb5 d6 7. Bg5 a6 8.
Bxf6 gxf6 9. Na3 f5 10. Qh5 b5 11. Naxb5 axb5 12. Bxb5 Bd7 13. Bc4 d5 14. Bxd5
Qf6 15. exf5 Rc8 16. g4 Bb4 17. O-O-O Bxc3 18. bxc3 Rc7 19. Rhe1 Ne7 20. h4 h6
21. f4 exf4 22. Bxf7+ Qxf7 23. f6 Qxh5 24. gxh5 Bc6 25. Rd6 Bg2 26. fxe7 Rxe7
27. Red1 Kf7 28. a4 f3 29. R1d4 Re2 30. Rf4+ Ke7 {White resigns} 0-1

[Event "Team 45 45 League T33"]
[Site "Internet Chess Club"]
[Date "2007.05.25"]
[Round "6"]
[White "parrot9"]
[Black "TrickyBishop"]
[Result "1-0"]
[WhiteElo "1664"]
[BlackElo "1521"]
[ECO "C70"]
[TimeControl "2700+45"]

1. e4 e5 2. Nf3 Nc6 3. Bb5 a6 4. Ba4 b5 5. Bb3 Nf6 6. O-O Bc5 7. c3 O-O 8. Re1
d6 9. h3 Be6 10. Bc2 Qd7 11. d4 exd4 12. cxd4 Bb4 13. Nbd2 d5 14. e5 Ne8 15. a3
Ba5 16. b4 Bb6 17. Nf1 Bf5 18. Be3 Bxc2 19. Qxc2 Ne7 20. Ng3 Qe6 21. Rac1 Qg6
22. Qd2 Nf5 23. Nxf5 Qxf5 24. Rc6 Qd7 25. Rec1 g6 26. Bh6 Ng7 27. Nh4 Rfe8 28.
Bxg7 Kxg7 29. Qg5 Rac8 30. Qf6+ Kg8 31. Nf3 Re6 32. Rxe6 fxe6 33. Ng5 Re8 34.
Rc6 Qg7 35. Qxg7+ Kxg7 36. Nxe6+ Kg8 37. Nxc7 Bxc7 38. Rxc7 Ra8 39. Rd7 a5 40.
Rxd5 axb4 41. axb4 Rb8 42. e6 Kf8 43. Re5 Ke7 44. d5 Rb6 45. Kf1 {Black resigns}
1-0